AoeStats
← Long John Silver

Black Forest

506893286Analyzed
4v4 RM · 16d ago on Sep 15, 2026· 18m 48s· 8 players
Game mode
Random Map
Map size
Large (8 player)
Population
200
Speed
Normal
Resources
Standard
Victory
Conquest
Starting age
Dark Age
Ending age
Imperial Age
RankedLock teamsTeams togetherTeam positionsShared explorationLock speedFull tech treeHidden civsTurbo modeCheats
Victory
Defeat
🇵🇹 Japanese · Portugal
1485
+14
🇫🇷 Dravidians · France
1468
+15
🇨🇿 Britons · Czechia
1467
+15
🇩🇪 Saracens · Germany
1451
+15
🇮🇳 Bohemians · India
1534
-18
1517
-18
🇵🇰 Khmer · Pakistan
1430
-14
🇨🇱 Byzantines · Chile
1285
-9
maniak
0:54 Loom
12:44 Feudal Age
17:15 Castle Age
15:07 Double-Bit Axe
18:16 Bow Saw
Lil Fabrice
12:06 Feudal Age
15:58 Castle Age
14:30 Fishing Lines
14:39 Double-Bit Axe
15:57 Horse Collar
19:31 Bow Saw
Savitar_pt
7:10 Loom
10:05 Feudal Age
10:25 Man-at-Arms
12:38 Fletching
12:40 Arson
15:09 Double-Bit Axe
17:52 Padded Archer Armor
Long John Silver
10:54 Feudal Age
14:59 Castle Age
13:29 Double-Bit Axe
15:19 Fishing Lines
15:52 Bow Saw
17:43 Gillnets
NPG | ChupaloAlexitico
8:54 Loom
12:03 Feudal Age
12:46 Double-Bit Axe
14:53 Fletching
15:29 Padded Archer Armor
kerwin
11:00 Feudal Age
12:02 Loom
14:52 Castle Age
伊格纳修斯
0:38 Loom
12:02 Feudal Age
14:11 Horse Collar
17:48 Castle Age
Horizon
2:19 Loom
6:43 Loom
12:50 Feudal Age
Connection lost

Rejoining the realm…

Still unreachable

The connection could not be restored.

Session expired

The server has moved on; the page needs a fresh start.